 Dungeon Crawl Stone Soup version 0.29.1-1-gd02db6906a (webtiles) character file.

Game seed: 583104145204801273

105 NullDivider the Stinger (level 4, 0/27 HPs)
             Began as an Octopode Venom Mage on Sept 26, 2022.
             Slain by a goblin
             ... wielding a +0 club
             ... led by Robin
              (2 damage)
             ... on level 3 of the Dungeon.
             The game lasted 00:09:51 (2685 turns).

NullDivider the Stinger (Octopode Venom Mage)       Turns: 2685, Time: 00:09:52

Health: 0/27       AC:  1    Str:  7    XL:     4   Next: 83%
Magic:  4/8        EV: 13    Int: 19    God:
Gold:   59         SH:  0    Dex: 12    Spells: 2/8 levels left

rFire   . . .      SeeInvis .   o - +1 dagger (speed)
rCold   . . .      Faith    .   (no shield)
rNeg    . . .      Spirit   .   (helmet restricted)
rPois   .          Reflect  .   (no amulet)
rElec   .          Harm     .   (no ring)
rCorr   .          Rampage  .   (no ring)
Will    .....                   (no ring)
Stlth   +++.......              (no ring)
HPRegen 0.09/turn               (no ring)
MPRegen 0.11/turn               (no ring)
                                (no ring)
                                (no ring)

@: no status effects
A: almost no armour, amphibious, 8 rings, camouflage 1, gelatinous body 1,
(nimble swimmer 1), tentacles
a: no special abilities


You were on level 3 of the Dungeon.
You visited 1 branch of the dungeon, and saw 3 of its levels.

You collected 59 gold pieces.

Inventory:

Hand Weapons
 o - a +1 dagger of speed (weapon)
Wands
 n - a wand of acid (7)
Scrolls
 b - 2 scrolls of teleportation {unknown}
 c - a scroll of poison {unknown}
 d - a scroll of silence {unknown}
 e - a scroll of fear {unknown}
 h - 2 scrolls of butterflies {unknown}
 j - 2 scrolls of blinking {unknown}
 k - a scroll of noise {unknown}
 l - a scroll of identify {unknown}
Potions
 a - 3 potions of magic
 f - a potion of curing
 g - a potion of resistance {unknown}
 i - a potion of berserk rage {unknown}
 m - a potion of lignification {unknown}


   Skills:
 + Level 0.1 Short Blades
 * Level 2.6 Dodging
 * Level 4.1 Stealth
 * Level 2.7 Spellcasting
 + Level 0.3 Conjurations
 - Level 1.2 Transmutations
 + Level 0.9 Air Magic
 + Level 4.3 Poison Magic


You had 2 spell levels left.
You knew the following spells:

 Your Spells              Type           Power      Damage    Failure   Level
a - Sting                 Tmut/Pois      52%        1d5       4%          1
b - Poisonous Vapours     Pois/Air       24%        N/A       9%          2
c - Mephitic Cloud        Conj/Pois/Air  9%         N/A       22%         3

Your spell library contained the following spells:

 Spells                   Type           Power      Damage    Failure   Level
 Wereblood                Tmut           7%         N/A       14%         2
 Sublimation of Blood     Necr           2%         N/A       24%         2
 Olgreb's Toxic Radiance  Pois           19%        N/A       26%         4
 Summon Hydra             Summ           1%         N/A       100%        7


Dungeon Overview and Level Annotations

Branches:
Dungeon (3/15)

Altars:


Innate Abilities, Weirdness & Mutations

You cannot wear most types of armour.
You are amphibious.
You can wear up to eight rings at the same time.
Your skin changes colour to match your surroundings (Stealth+).
Your rubbery body absorbs attacks. (AC +1, EV +1)
((You are camouflaged when in or above water. (Stealth+)))
You have tentacles for arms and can constrict up to eight enemies at once.


Message History

Aim: Robin, wielding a +0 trident, wearing a +0 animal skin and wearing a +0 helmet (heavily wounded, covered in acid) Poisonous vapours surround Robin!
Robin is poisoned.
The hobgoblin closely misses you.
Robin roars a battlecry!
The goblins go into a battle-frenzy!
Casting: Poisonous Vapours (safe; 9% risk of failure)
Confirm with . or Enter, or press ? or * to list all spells.
Aiming: Poisonous Vapours (safe; 9% risk of failure)
Press: ? - help, Dir - move target, f/p - Robin
Aim: Robin, wielding a +0 trident, wearing a +0 animal skin and wearing a +0 helmet (heavily wounded, poisoned, covered in acid) Poisonous vapours surround Robin!
Robin looks even sicker.
The goblin hits you with a +0 club. The hobgoblin closely misses you.
The goblin attacks as you move away! The goblin hits you with a +0 club!
The hobgoblin attacks as you move away! The hobgoblin hits you.
You hit the goblin. You grab the goblin.
The goblin is severely wounded.
You constrict the goblin.
You kill the goblin!
Robin throws the goblin at you!
You hit the goblin.
You kill the goblin!
Robin throws the goblin at you!
* * * LOW HITPOINT WARNING * * *
It was a potion of curing.
You feel better.
You kill Robin!
The goblin misses you. The goblin hits you with a +0 dagger.
Okay, then.
You hit the goblin.
You kill the goblin!
The orc jeers noisily.
The goblin hits you with a +0 club.
Items here: )) ††.
The goblin attacks as you move away! The goblin hits you with a +0 club!
* * * LOW HITPOINT WARNING * * *
The goblin attacks as you move away! The goblin barely misses you.
The goblin attacks as you move away! The goblin hits you with a +0 club.
* * * LOW HITPOINT WARNING * * *
The goblin no longer looks unusually strong.
The goblin attacks as you move away! The goblin hits you with a +0 club.
You die...

...?... ##.#####....####
....... #.########....####
....... #.....# ####...#.
.......#######.....### ###...
......ggogg.)g........######...
.....gg#######.....##..........
.....g) #g....########....
....gg. #g....##.......###
.....!. #@....#(.###.†##
....... #.....#.###..## ......#
#.####..#..)## .....#########.#
##.#..## #........# #..#.##
#..<.....# #...<#
#>.......###..###
#........#...####
#......>............


You could see a hobgoblin (strong) and 2 goblins.

Vanquished Creatures
  Robin (D:3)
  3 adders
  2 dart slugs
  An orc (D:2)
  5 bats
  6 endoplasms
  3 giant cockroaches
  10 goblins
  4 hobgoblins
  6 jackals (D:1)
  2 kobolds
  A quokka (D:1)
  4 ball pythons
  3 frilled lizards
  8 rats
59 creatures vanquished.

Vanquished Creatures (others)
  2 fungi (D:1)
2 creatures vanquished.

Grand Total: 61 creatures vanquished

Notes
Turn   | Place    | Note
-------+----------+-------------------------------------------
     0 | D:1      | NullDivider the Octopode Venom Mage began the quest for the
                  | Orb.
     0 | D:1      | Reached XP level 1. HP: 11/11 MP: 3/3
    75 | D:1      | Found a faded altar of an unknown god.
   209 | D:1      | Reached XP level 2. HP: 17/17 MP: 1/5
   265 | D:1      | Learned a level 2 spell: Poisonous Vapours
   704 | D:1      | Reached XP level 3. HP: 21/21 MP: 4/6
  1658 | D:2      | You fall into a shaft and drop 1 floor!
  1936 | D:2      | Reached XP level 4. HP: 26/27 MP: 3/7
  2005 | D:2      | Learned a level 3 spell: Mephitic Cloud
  2667 | D:3      | Noticed Robin
  2677 | D:3      | Killed Robin
  2685 | D:3      | Slain by a goblin

Illustrated notes

Levels and vault maps discovered:
D:1:      saegor_arrival_simple_b, layout_loops_ring,
          shapermc_ecumenical_altar_hornbeckon, nicolae_titane
D:2:      layout_loops_cross
D:3:      layout_rooms, lemuel_doored_altar, gammafunk_ghost_grave, uniq_robin

Skill      XL: |  1  2  3  4 |
---------------+-------------+-----
Stealth        | 3 4 |  4.1
Poison Magic   | 4 |  4.3
Short Blades   | |  0.1
Dodging        | |  2.6
Spellcasting   | |  2.7
Conjurations   | |  0.3
Transmutations | |  1.2
Air Magic      | |  0.9

Action                   |  1- 3 |  4- 6 || total
-------------------------+-------+-------++-------
Melee: Unarmed           |    30 |    12 ||    42
       Constrict         |    10 |     4 ||    14
       Tentacles         |     6 |     3 ||     9
       Dagger            |       |     9 ||     9
 Cast: Sting             |    53 |    19 ||    72
       Poisonous Vapours |     5 |     6 ||    11
Evoke: Wand              |       |     1 ||     1
  Use: Potion            |       |     1 ||     1
 Stab: Sleeping          |       |     2 ||     2
Armor: Skin              |     2 |     2 ||     4
Dodge: Dodged            |    25 |    13 ||    38
